 Dungeon Crawl Stone Soup version 0.24.0-35-gdb84b6a5db (webtiles) character file.

Game seed: 5020333942108651030, levelgen mode: deterministic

109 Iamsoldier the Ruffian (level 4, -3/36 HPs)
             Began as a Draconian Transmuter on Nov 19, 2019.
             Slain by a centaur (9 damage)
             ... on level 5 of the Dungeon.
             The game lasted 00:08:44 (2534 turns).

Iamsoldier the Ruffian (Draconian Transmuter)       Turns: 2534, Time: 00:08:45

Health: -3/36      AC:  2    Str: 11 (12) XL:     4   Next: 59%
Magic:  2/7        EV: 20    Int: 14 (15) God:
Gold:   111        SH:  0    Dex: 14 (16) Spells: 2/8 levels left

rFire    . . .     SeeInvis .     - Unarmed
rCold    . . .     Gourm    .   (shield currently unavailable)
rNeg     . . .     Faith    .   (armour unavailable)
rPois    x         Spirit   .   (helmet currently unavailable)
rElec    .         Reflect  .   (cloak currently unavailable)
rCorr    .         Harm     .   (gloves currently unavailable)
MR       .....                  (boots currently unavailable)
Stlth    +.........             (no amulet)
HPRegen  0.12/turn              (no ring)
MPRegen  0.10/turn              (no ring)

@: spider-form (expiring), flying, very slightly contaminated
A: tiny, unfitting armour, AC +5
a: End Transformation


You were on level 5 of the Dungeon.
You were hungry.
You were a venomous arachnid creature.
You visited 1 branch of the dungeon, and saw 5 of its levels.

You collected 111 gold pieces.

Inventory:

Missiles
 a - 12 arrows
Jewellery
 d - an uncursed amulet of guardian spirit
 e - an uncursed amulet of regeneration {unknown}
 n - an uncursed ring of flight {unknown}
Wands
 o - a wand of paralysis (8)
Scrolls
 b - 2 scrolls of teleportation {unknown}
 g - 4 scrolls of identify {unknown}
 k - a scroll of enchant armour {unknown}
Potions
 i - a potion of magic
 j - a potion of ambrosia {unknown}
 l - a potion of degeneration
 m - a potion of mutation {unknown}
Comestibles
 c - 4 rations


   Skills:
 + Level 2.2 Fighting
 + Level 2.4 Dodging
 + Level 3.6 Unarmed Combat
 + Level 2.5 Spellcasting
 + Level 2.7 Transmutations
 * Level 0.8 Poison Magic


You had 2 spell levels left.
You knew the following spells:

 Your Spells              Type           Power        Failure   Level  Hunger
a - Beastly Appendage     Tmut           #.....       21%         1    #......
b - Spider Form           Tmut/Pois      #.........   54%         3    ###....
c - Sticks to Snakes      Tmut           #.......     26%         2    ###....

Your spell library contained the following spells:

 Spells                   Type           Power        Failure   Level  Hunger
 Ice Form                 Ice/Tmut       #.......     90%         4    #####..
 Blade Hands              Tmut           #.........   97%         5    ######.


Dungeon Overview and Level Annotations

Branches:
Dungeon (6/15)             Temple (0/1) D:5

Altars:
Qazlal

Annotations:
D:5 Pikel


Innate Abilities, Weirdness & Mutations

((Your plain brown scales are hard. (AC +5)))
You cannot fit into any form of body armour.
((You are cold-blooded and may be slowed by cold attacks.))


Message History

The centaur shoots an arrow.
The arrow hits the hound!
The hound dies!
The centaur shoots an arrow.
You flicker back into view.
The centaur shoots an arrow.
The arrow hits you!
You see here an arrow.
The centaur shoots an arrow.
The arrow closely misses you.
You see here an arrow.
The centaur shoots an arrow.
The arrow hits you!
* * * LOW HITPOINT WARNING * * *
Found a large copper amulet.
You see here an arrow.
Your transformation is almost over.
Found 2 white potions.
e - a large copper amulet You see here 2 white potions.
The centaur unwields a +0 shortbow.
The centaur closely misses you. The centaur completely misses you.
The centaur hits you!
You die...

. ## .. #
.# # .# #
.# #### #
.# ....
#.#####.#
####
#....cs.#
####!####
#.#
#####.#
#...K.#
#(#####
#(# #(#
#.#


You could see a centaur.

Vanquished Creatures
  An orc wizard (D:6)
  2 adders (D:2)
  2 oozes
  A worm (D:2)
  A dart slug (D:1)
  A leopard gecko (D:2)
  3 orcs (D:6)
  4 giant cockroaches
  5 goblins
  11 hobgoblins
  7 kobolds
  2 frilled lizards (D:2)
  A jackal zombie (D:6)
  3 rats (D:2)
44 creatures vanquished.

Vanquished Creatures (others)
  A hound (D:5)
  A worker ant (D:5)
2 creatures vanquished.

Grand Total: 46 creatures vanquished

Notes
Turn   | Place    | Note
-------+----------+-------------------------------------------
     0 | D:1      | Iamsoldier the Draconian Transmuter began the quest for the
                  | Orb.
     0 | D:1      | Reached XP level 1. HP: 16/16 MP: 3/3
   154 | D:1      | Reached XP level 2. HP: 18/23 MP: 3/5
   993 | D:2      | Reached XP level 3. HP: 19/29 MP: 4/6
  1220 | D:2      | Learned a level 3 spell: Spider Form
  1223 | D:2      | Learned a level 2 spell: Sticks to Snakes
  1286 | D:2      | Found a stormy altar of Qazlal.
  1288 | D:2      | Noticed a fire elemental
  1288 | D:2      | Noticed an earth elemental
  1289 | D:2      | Noticed an air elemental
  1289 | D:2      | Noticed a water elemental
  2045 | D:3      | Reached XP level 4. HP: 32/36 MP: 5/7
  2116 | D:3      | You fall into a shaft and drop 3 floors!
  2397 | D:5      | Entered Level 5 of the Dungeon
  2424 | D:5      | Noticed a phantom
  2425 | D:5      | Noticed a phantom
  2425 | D:5      | Found a staircase to the Ecumenical Temple.
  2458 | D:5      | Noticed a slave
  2458 | D:5      | Noticed Pikel
  2459 | D:5      | Noticed a centaur
  2459 | D:5      | Noticed a slave
  2462 | D:5      | Noticed a slave
  2534 | D:5      | Slain by a centaur

Levels and vault maps discovered:
D:1:      erik_arrival_triangle_medium, layout_loops_ring
D:2:      layout_rooms, nicolae_qazlal_style_of_elements,
          minmay_fractal_squares_5
D:3:      layout_basic, lemuel_round_altar, hangedman_abyss_or_decor_stabs,
          hangedman_decor_diamond_cutter, uniq_robin
D:5:      layout_loops_ring, minmay_temple_entry_stoned_glass, first_ration,
          minmay_gold_behind_fungi, uniq_pikel
D:6:      layout_rooms

Skill      XL: |  1  2  3 |
---------------+----------+-----
Dodging        | 2 |  2.4
Fighting       | 2 |  2.2
Unarmed Combat | |  3.6
Spellcasting   | |  2.5
Transmutations | |  2.7
Poison Magic   | |  0.8

Action                   |  1- 3 |  4- 6 || total
-------------------------+-------+-------++-------
Melee: Unarmed           |   132 |    32 ||   164
       Tailslap          |    16 |     2 ||    18
       Kick              |     7 |       ||     7
       Headbutt          |     6 |     3 ||     9
 Cast: Beastly Appendage |    14 |     4 ||    18
       Spider Form       |       |     2 ||     2
  Use: Potion            |       |     5 ||     5
  Eat: Chunk             |     4 |     1 ||     5
Armor: Skin              |    32 |    19 ||    51
Dodge: Dodged            |    81 |    52 ||   133
